 Dungeon Crawl Stone Soup version 0.30-a0-948-g4fa250aae5 (webtiles) character file.

Game seed: 17559617295644403113

245 cforsyth the Shield-Bearer (level 6, -9/47 (49) HPs)
             Began as a Formicid Fighter on Mar 27, 2023.
             Mangled by a wight
             ... wielding a +3 great sword
              (14 damage)
             ... on level 4 of the Dungeon.
             The game lasted 00:03:19 (2799 turns).

cforsyth the Shield-Bearer (Formicid Fighter)       Turns: 2799, Time: 00:03:20

HP:   -9/47 (49)    AC:  9    Str: 22    XL:     6   Next: 32%
MP:   6/6           EV:  7    Int:  8    God:
Gold: 173           SH:  5    Dex: 13    Spells: 5/5 levels left

rFire   . . .      SeeInvis +    a - +0 flail
rCold   . . .      Faith    .    c - +0 buckler
rNeg    . . .      Spirit   .    u - +0 chain mail
rPois   .          Reflect  .    (helmet unavailable)
rElec   .          Rampage  .    t - scarf {repulsion}
rCorr   .                        (no gloves)
Will    .....                    (no boots) Stlth
                                 v - amulet of regeneration
HPRegen 1.07/turn                (no ring)
MPRegen 0.10/turn                (no ring)

@: lightly drained, repel missiles
A: permanent stasis, dig shafts and tunnels, antennae 3, four strong arms
a: Dig, Shaft Self


You were on level 4 of the Dungeon.
You visited 1 branch of the dungeon, and saw 4 of its levels.

You collected 173 gold pieces.

Inventory:

Hand Weapons
 a - a +0 flail (weapon)
Armour
 b - a +0 scale mail
 c - a +0 buckler (worn)
 t - a scarf of repulsion (worn)
 u - a +0 chain mail (worn)
Jewellery
 v - an amulet of regeneration (around neck)
 y - an amulet of the acrobat
Wands
 x - a wand of iceblast (9)
Scrolls
 f - 5 scrolls of teleportation {unknown}
 g - a scroll of enchant armour {unknown}
 n - a scroll of noise {unknown}
 o - 3 scrolls of identify {unknown}
 p - 2 scrolls of immolation {unknown}
 q - a scroll of fog {unknown}
Potions
 d - a potion of might
 e - 2 potions of haste {unknown}
 h - a potion of berserk rage {unknown}
 i - 2 potions of experience {unknown}
 j - 2 potions of ambrosia {unknown}
 k - a potion of heal wounds {unknown}
 l - 2 potions of brilliance {unknown}
 m - a potion of curing {unknown}
 r - a potion of resistance {unknown}
 s - a potion of mutation {unknown}
 w - a potion of attraction {unknown}


   Skills:
 + Level 4.5 Fighting
 + Level 3.5 Maces & Flails
 + Level 4.6 Armour
 + Level 5.5 Shields


You had 5 spell levels left.
You didn't know any spells.
Your spell library contained the following spells:

 Spells                   Type           Power      Damage    Failure   Level
 Summon Small Mammal      Summ           0%         N/A       99%         1
 Ensorcelled Hibernation  Hex/Ice        0%         N/A       100%        2
 Passwall                 Tmut/Erth      0%         N/A       100%        2
 Call Canine Familiar     Summ           0%         N/A       100%        3
 Summon Guardian Golem    Hex/Summ       0%         N/A       100%        3
 Orb of Destruction       Conj           0%         9d5       100%        7
 Spellforged Servitor     Conj/Summ      0%         N/A       100%        7
 Swiftness                Air            Unusable   N/A       N/A         3

Dungeon Overview and Level Annotations

Branches:
Dungeon (4/15)
 Temple: D:4-7

Altars:
Elyvilon
The Shining One

Shops:
D:2 ?


Innate Abilities, Weirdness & Mutations

You cannot be hasted, slowed, berserked, paralysed or teleported.
You can dig through walls and to a lower floor.
You have a pair of large antennae on your head. (SInv)
Your four strong arms can wield two-handed weapons with a shield.


Message History

The wight hits you with a +0 halberd! You block the wight's attack.
You sock the wight!
The wight is almost destroyed.
The wight barely misses you.
You hit the wight.
The wight is almost destroyed.
The wight hits you with a +0 halberd.
You feel drained.
You hit the wight.
You destroy the wight!
Your life force feels restored.
There is a stone staircase leading up, spattered with blood here.
You start resting.
You sense a monster nearby.
You start resting.
You sense a monster nearby.
A wight comes into view. It is wielding a +3 great sword.
Unknown command.
You hit the wight but do no damage.
The wight hits you with a +3 great sword!
You feel drained.
The wight hits you with a +3 great sword!
You hit the wight.
The wight is moderately damaged.
You block the wight's attack.
You hit the wight.
The wight is heavily damaged.
The wight hits you with a +3 great sword!
You hit the wight but do no damage.
The wight is heavily damaged.
The wight hits you with a +3 great sword!
* * * LOW HITPOINT WARNING * * *
You hit the wight.
The wight is heavily damaged.
The wight barely misses you.
The wight hits you with a +3 great sword.
* * * LOW HITPOINT WARNING * * *
You hit the wight.
The wight is almost destroyed.
The wight hits you with a +3 great sword!
You die...

.....(.##........#...###
.......####..#{........ .
.......# #..>.......##.#
.......####.#...#.......#
####........#.###....#..#
#........†z...........
#.........###)....#.#
#....)....# #z#.#...#
#.........# #@#...#...
####......#######.# ##
#......{..{.. .#
############# #


You could see a wight.

Vanquished Creatures
  A wight (D:4)
  A hound (D:4)
  Jessica (D:3)
  Ijyb (D:4)
  5 adders
  A worm (D:2)
  2 dart slugs
  2 orcs
  10 bats
  2 endoplasms
  6 goblins
  9 hobgoblins
  5 quokkas (D:1)
  4 ball pythons
  4 frilled lizards
  4 kobolds
  3 rats (D:1)
61 creatures vanquished.

Notes
Turn   | Place    | Note
-------+----------+-------------------------------------------
     0 | D:1      | cforsyth the Formicid Fighter began the quest for the Orb.
     0 | D:1      | Reached XP level 1. HP: 18/18 MP: 1/1
   103 | D:1      | Reached XP level 2. HP: 24/24 MP: 2/2
   321 | D:1      | Reached XP level 3. HP: 24/29 MP: 3/3
   884 | D:2      | Found a glowing golden altar of the Shining One.
  1041 | D:2      | Found Gasyban's Magic Scroll Emporium.
  1496 | D:2      | Reached XP level 4. HP: 28/37 MP: 4/4
  2087 | D:3      | Found a white marble altar of Elyvilon.
  2176 | D:3      | Noticed Jessica
  2181 | D:3      | Killed Jessica
  2182 | D:3      | Reached XP level 5. HP: 36/42 MP: 5/5
  2236 | D:3      | Reached skill level 5 in Shields
  2597 | D:4      | Noticed Ijyb
  2623 | D:4      | Killed Ijyb
  2678 | D:4      | Reached XP level 6. HP: 35/49 MP: 6/6
  2799 | D:4      | Mangled by a wight

Illustrated notes

Levels and vault maps discovered:
D:1:      scummos_arrival_checkerplants, layout_loops_ring, due_unseen_surprise
D:2:      layout_basic, basic_altar, serial_shops, shop, minmay_3d_cube
D:3:      layout_rooms, lemuel_round_altar, nicolae_kite_square_tiling_tiny,
          uniq_jessica
D:4:      layout_basic, kennysheep_pointless_box, uniq_duvessa, uniq_ijyb

Skill      XL: |  1  2  3  4  5 |
---------------+----------------+-----
Fighting       | 4 |  4.5
Armour         | 4 |  4.6
Maces & Flails | 3 |  3.5
Shields        | 5 |  5.5

Action                     |  1- 3 |  4- 6 || total
---------------------------+-------+-------++-------
  Melee: Flail             |   104 |   114 ||   218
 Armour: Scale mail        |    59 |    13 ||    72
         Chain mail        |       |    47 ||    47
  Dodge: Dodged            |    60 |    42 ||   102
  Block: Buckler           |    29 |    24 ||    53

Table legend: (Time is in decaauts)
 A = Elapsed time spent in this place.
 B = Non-inter-level travel time spent in this place.
 C = Inter-level travel time spent in this place.
 D = Time resting spent in this place.
 E = Time spent auto-exploring this place.
 F = Levels seen in this place.
 G = Mean time per level.
                   A        B        C        D        E       F      G
               +--------+--------+--------+--------+--------+-----+--------+
         Total |   2861 |   2547 |    314 |     40 |   1909 |   4 |  715.2 |
       Dungeon |   2861 |   2547 |    314 |     40 |   1909 |   4 |  715.2 |
               +--------+--------+--------+--------+--------+-----+--------+

Top non-repeatable levels by time:
     D:2: 1407 daAuts
     D:1: 708 daAuts
     D:3: 486 daAuts
     D:4: 258 daAuts
